 Dungeon Crawl Stone Soup version 0.31.0-12-g77e489cdc1 (webtiles) character file.

Game seed: 18155848978383742850

200 Arctor the Magician (level 5, 0/28 HPs)
             Began as a Deep Elf Fire Elementalist on Feb 14, 2024.
             Killed by divine providence
             ... invoked by an orc priest
              (8 damage)
             ... on level 3 of the Dungeon.
             The game lasted 00:02:36 (2816 turns).

Arctor the Magician (Deep Elf Fire Elementalist)    Turns: 2816, Time: 00:02:36

Health: 0/28       AC:  4    Str:  5    XL:     5   Next: 49%
Magic:  1/13       EV: 13    Int: 22    God:
Gold:   56         SH:  0    Dex: 15    Spells: 9/12 levels left

rFire   . . .        n - +3 short sword
rCold   . . .        (no shield)
rNeg    . . .        a - +0 robe
rPois   .            c - +0 helmet
rElec   .            p - +0 cloak
rCorr   .            (no gloves)
SInv    .            (no boots)
Will    .....        (no amulet)
Stlth   +++          (no ring)
HPRegen 0.24/turn    (no ring)
MPRegen 0.13/turn

%: no passive effects
@: very slightly contaminated
A: no striking features
a: no special abilities


You were on level 3 of the Dungeon.
You visited 1 branch of the dungeon, and saw 3 of its levels.

You collected 56 gold pieces.

Inventory:

Hand Weapons
 n - a +3 short sword (weapon)
Armour
 a - a +0 robe (worn)
 c - a +0 helmet (worn)
 p - a +0 cloak (worn)
Jewellery
 l - a ring of flight
Scrolls
 d - 3 scrolls of identify {unknown}
 f - a scroll of immolation {unknown}
 g - 2 scrolls of noise {unknown}
 k - a scroll of acquirement {unknown}
Potions
 b - a potion of magic
 e - a potion of heal wounds {unknown}
 h - 2 potions of resistance {unknown}
 i - a potion of enlightenment {unknown}
 j - a potion of ambrosia {unknown}
 m - 2 potions of brilliance {unknown}
 o - a potion of haste {unknown}


   Skills:
 + Level 3.8 Dodging
 + Level 3.9 Stealth
 + Level 4.3 Spellcasting
 + Level 2.8 Conjurations
 + Level 4.2 Fire Magic


You had 9 spell levels left.
You knew the following spells:

 Your Spells              Type           Power      Damage    Failure   Level
a - Foxfire               Conj/Fire      80%        2x1d8     2%          1
b - Scorch                Fire           46%        2d6       3%          2

Your spell library contained the following spells:

 Spells                   Type           Power      Damage    Failure   Level
 Inner Flame              Hex/Fire       14%        N/A       14%         3
 Volatile Blastmotes      Fire/Tloc      28%        2d12      14%         3
 Flame Wave               Conj/Fire      20%        2d7       26%         4
 Gell's Gravitas          Tloc           4%         N/A       32%         3
 Teleport Other           Tloc           4%         N/A       32%         3
 Dispersal                Tloc           2%         N/A       100%        6


Dungeon Overview and Level Annotations

Branches:
Dungeon (3/15)

Altars:
Yredelemnul
The Shining One


Message History

The orc is almost dead.
The orc priest invokes the aid of Beogh against you.
Beogh smites you!
The foxfire hits the orc priest.
The orc priest is moderately wounded.
You are too injured to fight recklessly!
Unknown command.
You are too injured to fight recklessly!
Unknown command.
Casting: Foxfire (safe; 2% risk of failure)
Confirm with . or Enter, or press ? or * to list all spells.
Flames lash the orc priest.
The orc priest is almost dead.
The orc priest's fire resistance burns away.
The foxfire hits the orc priest.
The orc priest is burned terribly!
You kill the orc priest!
The foxfire hits the orc.
You kill the orc!
You miscast Foxfire.
You are very lightly contaminated with residual magic.
Nothing appears to happen.
The foxfire hits the orc priest.
The orc priest is lightly wounded.
You conjure some foxfire!
The orc priest casts a cantrip, but nothing happens.
Unknown command.
Casting: Foxfire (safe; 2% risk of failure)
Confirm with . or Enter, or press ? or * to list all spells.
Flames lash the orc priest but do no damage.
The foxfire hits the orc priest.
The orc priest is lightly wounded.
The foxfire hits the orc priest.
The orc priest is moderately wounded.
The orc priest calls down the wrath of Beogh upon you.
Pain shoots through your body!
* * * LOW HITPOINT WARNING * * *
You are too injured to fight recklessly!
You hit the orc priest but do no damage.
The orc priest is moderately wounded.
The orc priest calls down the wrath of Beogh upon you.
Beogh smites you!
You die...

# ..... ..... #.#.# #...# ...##
#####.#.###†.)## .... ..
##....$.##...[.###..##o...
##..........)...##.)..#
##.....#........##)#
##.....#.........).# ###
.......#.......#o### ###_###
#...............@# #.....#
#..............§.# #♣...♣#
##........o).....##### #.....##
#>..................# #♣...♣##
#.....##.....#.####....####'####
#########......#########....#..#
###...).............#...
###.#############..... #.#
#.....


You could see 2 orc priests.

Vanquished Creatures
  2 orc priests (D:3)
  2 orc wizards (D:3)
  4 adders (D:2)
  3 dart slugs
  A ribbon worm (D:2)
  6 orcs (D:3)
  A ball python (D:2)
  2 bats
  4 endoplasms
  A giant cockroach (D:1)
  7 goblins
  4 hobgoblins
  3 kobolds
  2 quokkas
  A frilled lizard (D:2)
  2 rats (D:2)
45 creatures vanquished.

Vanquished Creatures (others)
  295 foxfires
295 creatures vanquished.

Grand Total: 340 creatures vanquished

Notes
Turn   | Place    | Note
-------+----------+-------------------------------------------
     0 | D:1      | Arctor the Deep Elf Fire Elementalist began the quest for
                  | the Orb.
     0 | D:1      | Reached XP level 1. HP: 10/10 MP: 6/6
   544 | D:1      | Reached XP level 2. HP: 15/15 MP: 5/8
   547 | D:1      | Learned a level 2 spell: Scorch
  1393 | D:2      | Reached XP level 3. HP: 17/19 MP: 2/9
  1614 | D:2      | Found a basalt altar of Yredelemnul.
  1947 | D:2      | Found a faded altar of an unknown god.
  2125 | D:2      | Reached XP level 4. HP: 24/24 MP: 4/11
  2366 | D:3      | Found a glowing golden altar of the Shining One.
  2665 | D:3      | Reached XP level 5. HP: 28/28 MP: 8/13
  2816 | D:3      | Killed from afar by an orc priest

Illustrated notes

Levels and vault maps discovered:
D:1:      dpeg_arrival_lava_temple_mockup, layout_basic
D:2:      layout_rooms, dreamdust_ecumenical_altar_statues, basic_altar,
          nicolae_figureground_sparkle
D:3:      layout_rooms, tso_altar, mainiacjoe_overflow_chevrons,
          xom_butterflies, lemuel_round_altar, minmay_ogre_servants

Skill      XL: |  1  2  3  4 |
---------------+-------------+-----
Stealth        | 3 |  3.9
Dodging        | 3 |  3.8
Conjurations   | 2 |  2.8
Spellcasting   | 4 |  4.3
Fire Magic     | 4 |  4.2

Action                     |  1- 3 |  4- 6 || total
---------------------------+-------+-------++-------
  Melee: Unarmed           |     1 |       ||     1
         Short sword       |       |     1 ||     1
   Cast: Foxfire           |   122 |    50 ||   172
         Scorch            |     2 |     3 ||     5
 Armour: Robe              |     4 |     2 ||     6
  Dodge: Dodged            |     6 |     1 ||     7
